 Dungeon Crawl Stone Soup version 0.31-a0-200-gbc41564c69 (webtiles) character file.

Game seed: 8168957581333978379

48 qw the Shooter (level 3, -2/20 HPs)
             Began as a Deep Elf Hunter on June 25, 2023.
             Killed from afar by Natasha (10 damage)
             ... with a puff of flame
             ... on level 2 of the Dungeon.
             The game lasted 00:00:24 (1096 turns).

qw the Shooter (Deep Elf Hunter)                    Turns: 1096, Time: 00:00:25

Health: -2/20      AC:  6    Str: 10    XL:     3   Next: 50%
Magic:  5/5        EV: 11    Int: 13    God:
Gold:   66         SH:  0    Dex: 18    Spells: 2/2 levels left

rFire   . . .        Y - +0 shortbow
rCold   . . .        (shield currently unavailable)
rNeg    . . .        k - +0 ring mail
rPois   .            e - +0 helmet
rElec   .            (no cloak)
rCorr   .            (no gloves)
SInv    .            (no boots)
Will    .....        (no amulet)
Stlth   +            (no ring)
HPRegen 0.23/turn    (no ring)
MPRegen 0.09/turn

%: no passive effects
@: no status effects
A: no striking features
a: no special abilities


You were on level 2 of the Dungeon.
You visited 1 branch of the dungeon, and saw 2 of its levels.

You collected 66 gold pieces.


   Skills:
 - Level 1.5 Fighting
 + Level 7.0 Ranged Weapons
 - Level 2.4 Dodging
 - Level 1.2 Stealth


You had 2 spell levels left.
You didn't know any spells.
Your spell library was empty.

Inventory:

Hand Weapons
 Y - a +0 shortbow (weapon)
Armour
 e - a +0 helmet (worn)
 k - a +0 ring mail (worn)
Scrolls
 g - 2 scrolls of identify
Potions
 h - a potion of curing
 i - a potion of mutation

Dungeon Overview and Level Annotations

Branches:
Dungeon (2/15)

Altars:

Annotations:
D:2 Natasha


Message History

1061 ||| STAIRDANCE The dart slug launches a dart at you.
The slug dart hits you.
You climb upwards.
There is a stone staircase leading down here.
You shoot an arrow. The arrow hits the dart slug.
You kill the dart slug!
You start resting.
HP restored.
Done exploring.
(D) Dungeon
Where to? (* - list waypoints, Enter - D:2, ? - help)
What level of the Dungeon? (default 1, ? - help)
You climb downwards.
There is a stone staircase leading up, spattered with blood here.
Natasha, Servant of Life and Death comes into view.
She is carrying a wand of flame (16).
Natasha hisses angrily.
Natasha moves out of view.
Natasha growls.
You shoot an arrow. The arrow barely misses Natasha.
Natasha mumbles some strange words.
You shoot an arrow. The arrow hits Natasha.
Natasha is lightly wounded.
You shoot an arrow. The arrow closely misses Natasha.
The cerulean imp hits you from afar with a +2 spear.
Natasha zaps a wand.
The puff of flame hits you.
You shoot an arrow. The arrow hits Natasha.
Natasha is moderately wounded.
The cerulean imp hits you from afar with a +2 spear.
Natasha claws you but does no damage.
You shoot an arrow. The arrow hits Natasha.
Natasha is severely wounded.
The cerulean imp hits you but does no damage.
Natasha barely misses you.
The cerulean imp hits you from afar with a +2 spear.
You shoot an arrow. The arrow hits Natasha.
Natasha is severely wounded.
Natasha zaps a wand.
The puff of flame hits you!
Ouch! That really hurt!
You die...

#.....#
#.#.#.######.#####
#................
#<#.#.###.......
#.%...###.......
###.##........#
#.#.###.....###
#.#.#.........###
#.#.#.#..@......#
#.##......h.....#
##.#...5.....#
#.#.........#
#.#######..## #.#
..# #.# .# #.# #
#.#


You could see Natasha and a cerulean imp (summoned).

Vanquished Creatures
  2 adders
  A dart slug (D:1)
  An endoplasm (D:1)
  2 giant cockroaches (D:1)
  4 jackals (D:1)
  6 bats (D:1)
  A frilled lizard (D:2)
  3 goblins (D:1)
  3 kobolds (D:1)
  4 rats (D:1)
27 creatures vanquished.

Notes
Turn   | Place    | Note
-------+----------+-------------------------------------------
     0 | D:1      | qw the Deep Elf Hunter began the quest for the Orb.
     0 | D:1      | Reached XP level 1. HP: 12/12 MP: 3/3
     0 | D:1      | 0 ||| qw: Version: 0.3-a-22-g0ed2b0b
     0 | D:1      | 0 ||| qw: Game counter: 5491
     0 | D:1      | 0 ||| qw: Melee chars always use a shield: true
     0 | D:1      | 0 ||| qw: God list: Okawaru
     0 | D:1      | 0 ||| qw: Allow faded altars: false
     0 | D:1      | 0 ||| qw: Do Orc after clearing Dungeon:15 true
     0 | D:1      | 0 ||| qw: Do second Lair branch before Depths: true
     0 | D:1      | 0 ||| qw: Lair rune preference: random
     0 | D:1      | 0 ||| qw: Goals: Normal
     0 | D:1      | 0 ||| PLANNING D:1-11
   205 | D:1      | Reached XP level 2. HP: 16/16 MP: 4/4
   207 | D:1      | Reached skill level 6 in Ranged Weapons
   422 | D:1      | Found a faded altar of an unknown god.
   877 | D:1      | 877 ||| UPGRADING to +0 helmet.
   882 | D:1      | 882 ||| UPGRADING to +0 ring mail.
   892 | D:1      | 892 ||| DROPPING +0 leather armour.
   893 | D:1      | 893 ||| READING 2 scrolls labelled WITRAXOLENE.
   894 | D:1      | 894 ||| READING 6 scrolls labelled LOIGAGRACS.
   895 | D:1      | 895 ||| DRINKING 2 fizzy inky potions.
   918 | D:1      | 918 ||| READING 5 scrolls of identify.
   918 | D:1      | 918 ||| IDENTIFYING orange potion
   919 | D:1      | 919 ||| READING 4 scrolls of identify.
   919 | D:1      | 919 ||| IDENTIFYING murky white potion
   920 | D:1      | 920 ||| READING 3 scrolls of identify.
   920 | D:1      | 920 ||| IDENTIFYING golden potion
   921 | D:1      | 921 ||| DROPPING scroll of noise.
   922 | D:1      | 922 ||| DROPPING scroll of butterflies.
   923 | D:1      | 923 ||| DROPPING potion of lignification.
   960 | D:2      | 960 ||| STAIRDANCE
   964 | D:1      | HP: 2/16 [poisoned by an adder]
   965 | D:1      | 965 ||| DRINKING potion of heal wounds.
   968 | D:1      | Reached XP level 3. HP: 9/20 MP: 5/5
   970 | D:1      | HP: 5/20 [poisoned by an adder]
   974 | D:1      | HP: 2/20 [poisoned by an adder]
  1058 | D:2      | Reached skill level 7 in Ranged Weapons
  1061 | D:2      | 1061 ||| STAIRDANCE
  1089 | D:2      | Noticed Natasha
  1096 | D:2      | Killed from afar by Natasha

Levels and vault maps discovered:
D:1:      dpeg_arrival_windows_large_door, layout_basic,
          hellmonk_ecumenical_altar_zigzags, minmay_bisected
D:2:      layout_loops_ring, basic_altar, serial_rivers,
          chequers_serial_rivers_room_b, chequers_serial_rivers_large_b,
          chequers_serial_rivers_small_a, chequers_serial_rivers_micro_b,
          chequers_serial_rivers_micro_a, chequers_serial_rivers_room_b,
          kennysheep_generic_room_11, uniq_natasha

Skill      XL: |  1  2  3 |
---------------+----------+-----
Ranged Weapons | 6 7 |  7.0
Fighting       | |  1.5
Dodging        | |  2.4
Stealth        | |  1.2

Action                     || total
---------------------------++-------
   Fire: Shortbow          ||    84
    Use: Scroll            ||     5
         Potion            ||     2
 Armour: Leather armour    ||     6
         Ring mail         ||     6
  Dodge: Dodged            ||    24

Table legend:
 A = Non-vault XP
 B = Vault XP
 C = Vault XP percentage of total XP
 D = Non-vault monster count
 E = Vault monster count
 F = Vault count percentage of total count
                 A         B        C        D         E       F
            +---------+---------+-------+---------+---------+-------
      Total |      66 |       3 |   4.3 |      24 |       3 |  11.1
            +---------+---------+-------+---------+---------+-------
        D:1 |      52 |       3 |   5.5 |      22 |       3 |  12.0
        D:2 |      14 |       0 |   0.0 |       2 |       0 |   0.0
            +---------+---------+-------+---------+---------+-------
